 Dungeon Crawl Stone Soup version 0.23-a0-814-g91b4073 (console) character file.

104 bli the Skirmisher (level 5, 0/63 HPs)
             Began as a Formicid Abyssal Knight on Jan 21, 2019.
             Was a Believer of Lugonu.
             Succumbed to an adder's poison
             ... on level 3 of the Dungeon.
             The game lasted 00:09:10 (2807 turns).

bli the Skirmisher (Formicid Abyssal Knight)        Turns: 2807, Time: 00:09:10

Health: 0/63       AC: 22    Str: 15 (16) XL:     5   Next: 7%
Magic:  6/6        EV:  2    Int: 10 (12) God:    Lugonu [**....]
Gold:   167        SH:  0    Dex:  8 (11) Spells: 4/4 levels left

rFire    . . .     SeeInvis .   a - +1 hand axe
rCold    . . .     Gourm    .   (no shield)
rNeg     + + +     Faith    .   (armour currently unavailable)
rPois    +         Spirit   .   (helmet unavailable)
rElec    .         Reflect  .   (cloak currently unavailable)
rCorr    .         Harm     .   (gloves currently unavailable)
MR       .....                  (boots currently unavailable)
Stlth    +.........             (no amulet)
HPRegen  0.20/turn              (no ring)
MPRegen  0.10/turn              (no ring)

@: lethally poisoned (0 -> -2), tree-form
A: permanent stasis, dig shafts and tunnels, four strong arms
a: Depart the Abyss, Bend Space, Renounce Religion


You were on level 3 of the Dungeon.
You worshipped Lugonu.
Lugonu was pleased with you.
You were completely stuffed.
You were a tree.
You visited 1 branch of the dungeon, and saw 3 of its levels.
You visited the Abyss 1 time.

You collected 167 gold pieces.

Inventory:

Hand Weapons
 a - a +1 hand axe (weapon)
 e - a +0 hunting sling
 h - a +0 mace
 m - a +0 spear
 v - a +0 blowgun
Missiles
 g - 3 tomahawks (quivered)
 r - 25 stones
 w - 3 poisoned needles
Armour
 b - a +1 leather armour (melded)
 k - a +0 ring mail
Scrolls
 d - a scroll of immolation
 i - a scroll of enchant armour
 n - a scroll of remove curse
Potions
 o - a potion of flight


   Skills:
 - Level 4.0 Fighting
 * Level 3.6 Axes
 - Level 3.0 Armour
 - Level 1.0 Dodging
 - Level 1.0 Stealth
 - Level 2.4 Invocations


You had 4 spell levels left.
You didn't know any spells.
Your spell library was empty.

Dungeon Overview and Level Annotations

Branches:
Dungeon (3/15)

Altars:
Fedhas
Gozag


Innate Abilities, Weirdness & Mutations

You cannot be hasted, slowed, berserked, paralysed or teleported.
You can dig through walls and to a lower floor.
Your four strong arms can wield two-handed weapons with a shield.
((You have a pair of large antennae on your head. (SInv)))


Message History

* * * LOW HITPOINT WARNING * * *
You feel sick.
As you read the scroll labeled PIWISO XUAXT, it crumbles to dust.
The scroll dissolves into smoke.
It was a scroll of fog.
As you read the scroll labeled SEPLUBO MESCHED, it crumbles to dust.
You feel a strange sense of stasis.
It was a scroll of teleportation.
* * * LOW HITPOINT WARNING * * *
You feel sick.
Unknown command.
You eat one of the 2 rations.
That ration really hit the spot!
You eat the ration.
That ration really hit the spot!
* * * LOW HITPOINT WARNING * * *
You feel sick.
There isn't anything here!
There is a lethal amount of poison in your body!
* * * LOW HITPOINT WARNING * * *
You feel sick.
* * * LOW HITPOINT WARNING * * *
You feel sick.
You die...

.... #...............
.... #.......!.?.....
..... #.#.............
..... #.#.............
......#.#.#.........).
...K..#§#.#...........
......§§§.##..........
#§#.##.#<.......
#♣#.............
#§§§............
#§#§............
#.#.............
#.#.............
###...>....#####
......(..# ##........#
#........#


There were no monsters in sight!

Vanquished Creatures
  4 adders
  An ooze (D:1)
  A worm (D:2)
  2 dart slugs (D:2)
  A leopard gecko (D:2)
  3 giant cockroaches (D:2)
  10 goblins
  9 hobgoblins
  4 bats
  5 frilled lizards
  6 kobolds
  7 rats
53 creatures vanquished.

Vanquished Creatures (others)
  2 plants (Abyss:1)
2 creatures vanquished.

Grand Total: 55 creatures vanquished

Notes
Turn   | Place    | Note
-------+----------+-------------------------------------------
     0 | Abyss:1  | bli the Formicid Abyssal Knight began the quest for the
                  | Orb.
     0 | Abyss:1  | Reached XP level 1. HP: 18/18 MP: 2/2
   107 | Abyss:1  | Noticed a spatial vortex
   220 | Abyss:1  | Noticed a tentacled starspawn
   220 | Abyss:1  | Noticed a tentacled starspawn
   226 | D:1      | Escaped the Abyss
   478 | D:1      | Reached XP level 2. HP: 25/25 MP: 3/3
   491 | D:1      | Reached * piety under Lugonu
   596 | D:1      | Reached skill level 4 in Fighting
   686 | D:1      | Reached XP level 3. HP: 25/30 MP: 4/4
   766 | D:1      | Reached skill level 1 in Dodging
  1230 | D:2      | Found an opulent altar of Gozag.
  1302 | D:2      | Reached XP level 4. HP: 17/37 MP: 5/5
  1485 | D:2      | Found a blossoming altar of Fedhas.
  1607 | D:2      | Reached ** piety under Lugonu
  1607 | D:2      | Reached skill level 1 in Stealth
  2791 | D:3      | Reached XP level 5. HP: 8/42 MP: 6/6
  2796 | D:3      | HP: 3/63 [poisoned by an adder]
  2802 | D:3      | HP: 1/63 [poisoned by an adder]
  2807 | D:3      | Succumbed to an adder's poison

Vault maps used:
D:1:      minmay_arrival_up_and_down, minivault_4
D:2:      old_standard_altar, fedhas_altar_fruit_tree
D:3:      amethyst_overflow_temple_binary, minmay_misc_feat_encased, uniq_robin

Skill      XL: |  1  2  3  4 |
---------------+-------------+-----
Fighting       | 4 |  4.0
Dodging        | 1 |  1.0
Armour         | 3 |  3.0
Stealth        | 1 |  1.0
Axes           | 3 |  3.6
Invocations    | |  2.4

Action                   |  1- 3 |  4- 6 || total
-------------------------+-------+-------++-------
Melee: Hand axe          |    67 |   114 ||   181
Invok: Depart the Abyss  |     1 |       ||     1
  Use: Potion            |       |     5 ||     5
       Scroll            |       |     6 ||     6
 Stab: Sleeping          |     1 |       ||     1
  Eat: Chunk             |     1 |     4 ||     5
       Ration            |       |     3 ||     3
Armor: Leather armour    |    10 |    35 ||    45
       Skin              |       |     2 ||     2
Dodge: Dodged            |    38 |    87 ||   125

Table legend:
 A = Non-vault XP
 B = Vault XP
 C = Vault XP percentage of total XP
 D = Non-vault monster count
 E = Vault monster count
 F = Vault count percentage of total count
                 A         B        C        D         E       F
            +---------+---------+-------+---------+---------+-------
      Total |     149 |       0 |   0.0 |      53 |       0 |   0.0
            +---------+---------+-------+---------+---------+-------
        D:1 |      37 |       0 |   0.0 |      20 |       0 |   0.0
        D:2 |      79 |       0 |   0.0 |      28 |       0 |   0.0
        D:3 |      33 |       0 |   0.0 |       5 |       0 |   0.0
            +---------+---------+-------+---------+---------+-------
